 Dungeon Crawl Stone Soup version 0.22-a0-109-gbeb7240 (webtiles) character file.

105 Firecrotchwizard the Skirmisher (level 4, -2/50 HPs)
             Began as an Ogre Berserker on Jan 26, 2018.
             Was a Believer of Trog.
             Killed by divine providence
             ... invoked by an orc priest
              (13 damage)
             ... on level 2 of the Dungeon.
             The game lasted 00:02:46 (2698 turns).

Firecrotchwizard the Skirmisher (Ogre Berserker)    Turns: 2698, Time: 00:02:46

Health: -2/50      AC:  3    Str: 21    XL:     4   Next: 83%
Magic:  4/4        EV: 10    Int:  8    God:    Trog [**....]
Gold:   77         SH:  0    Dex:  9    Spells: 3/3 levels left

rFire    . . .     SeeInvis .   a - +0 mace
rCold    . . .     Gourm    .   (no shield)
rNeg     . . .     Faith    .   b - +0 animal skin
rPois    .         Spirit   .   (helmet restricted)
rElec    .         Reflect  .   (no cloak)
rCorr    .         Harm     .   (gloves unavailable)
MR       .....                  (boots unavailable)
Stlth    +.........             (no amulet)
HPRegen  0.16/turn              (no ring)
MPRegen  0.09/turn              (no ring)

@: no status effects
A: large, unfitting armour, tough skin 1
a: Berserk, Trog's Hand, Burn Spellbooks, Renounce Religion


You were on level 2 of the Dungeon.
You worshipped Trog.
Trog was pleased with you.
You were not hungry.

You visited 1 branch of the dungeon, and saw 2 of its levels.

You collected 77 gold pieces.

Inventory:

Hand Weapons
 a - a +0 mace (weapon)
Armour
 b - a +0 animal skin (worn)
Scrolls
 d - a scroll of identify {unknown}
 e - 2 scrolls of magic mapping {unknown}
 f - 4 scrolls of remove curse {unknown}
 g - a scroll of enchant armour {unknown}
 i - 2 scrolls of amnesia {unknown}
 j - a scroll of enchant weapon {unknown}
 m - 2 scrolls of teleportation {unknown}
Potions
 h - 3 potions of lignification {unknown}
 k - a potion of heal wounds {unknown}
 n - a potion of berserk rage {unknown}
 o - a potion of curing {unknown}
Comestibles
 c - 2 rations {@e1}
 l - a chunk of flesh {@w0}


   Skills:
 + Level 5.2 Fighting
 * Level 4.2 Maces & Flails
 - Level 2.6 Dodging


You had 3 spell levels left.
You didn't know any spells.

Dungeon Overview and Level Annotations

Branches:
Dungeon (2/15)

Altars:


Innate Abilities, Weirdness & Mutations

You are too large for most types of armour.
You have tough skin. (AC +1)


Message History

The adder hisses angrily.
You hit the adder. The adder barely misses you.
You miss the adder. The adder closely misses you.
The adder bites you but does no damage.
You closely miss the adder. The adder bites you but does no damage.
You hit the adder but do no damage. The adder bites you.
The adder bites you but does no damage.
You take 2 damage, and have 45/50 hp.
You closely miss the adder. The adder barely misses you.
You hit the adder. The adder bites you but does no damage.
The adder barely misses you.
You barely miss the adder. The adder bites you but does no damage.
The adder barely misses you.
You barely miss the adder. The adder bites you but does no damage.
You hit the adder. The adder closely misses you. The adder barely misses you.
You closely miss the adder. The adder bites you.
You are poisoned.
The adder poisons you!
You take 5 damage, and have 41/50 hp.
You thump the adder!
You kill the adder!
Trog accepts your kill.
You feel sick.
No target in view!
You start resting.
You feel sick. x6
You are no longer poisoned.
You take 3 damage, and have 38/50 hp.
You start resting.
Health restored: 50 You open the door.
There is an open door here.
The bat is too close now for your liking.
The bat hits you but does no damage.
You hit the bat.
You kill the bat!
Trog accepts your kill.
No target in view!
An adder comes into view.
You see here a bat corpse.
You butcher the bat corpse.
The adder hisses angrily.
Things that are here:
a chunk of flesh {@w0}; a bat skeleton
l - 2 chunks of flesh {@w0} (gained 1)
You closely miss the adder. The adder bites you.
A worm comes into view.
You take 1 damage, and have 49/50 hp.
You sock the adder!
You kill the adder!
Trog accepts your kill.
You see here an adder corpse.
You hit the worm but do no damage. The worm bites you!
You take 7 damage, and have 42/50 hp.
You hit the worm. The worm closely misses you.
You sock the worm! The worm bites you.
You take 5 damage, and have 37/50 hp.
You barely miss the worm. You hit the worm. The worm closely misses you.
You hit the worm.
You kill the worm!
Trog accepts your kill.
No target in view!
You start resting.
Some of the chunks of flesh in your inventory have rotted away.
Health restored: 50 You butcher the adder corpse.
l - 2 chunks of flesh {@w0} (gained 1)
o - a brown potion You open the door.
There is an open door here.
Found a stone staircase leading down.
You see here a club.
You see here a hand axe.
Eating one of 2 chunks of flesh {@w0}.
You eat one of the 2 chunks of flesh {@w0}.
You see here a hand axe.
The orc priest shouts!
You hear a shout!
The orc priest calls down the wrath of Beogh upon you.
Pain shoots through your body!
You take 9 damage, and have 41/50 hp.
You start resting.
The orc priest shouts!
You sock the orc priest! The orc priest hits you with a club.
The orc barely misses you.
The orc priest invokes the aid of Beogh against you.
Beogh smites you!
You take 16 damage, and have 26/50 hp.
MASSIVE DAMAGE!!
You hit the orc priest. The orc priest barely misses you.
The orc hits you but does no damage.
You barely miss the orc priest.
The orc priest invokes the aid of Beogh against you.
Beogh smites you!
* * * LOW HITPOINT WARNING * * *
The orc hits you with a dagger.
* * * LOW HITPOINT WARNING * * *
The orc priest invokes the aid of Beogh against you.
Beogh smites you!
You die...

###.# #.# #....# ###.# #....#
#..# ....# ....#...... #..#
....## ##### ...#.#...#.#..#
##...####...#+# #..#.......#..###
##)....##..##.###..##.o...##.....
##.........#....#o)###o⌠$###...##
.#....##)..#.#..@o..#######......
.#....###....#.#.o..............#
......# #..#...#.............#..#
#.....# #..#.#.........#######..#
#.....# #..#.##....#.#.# ##.#
##....# #..#.#...#...#.# #.#
#..### #..#.#..######.##########
###+### #..#.(..# #...........
......# #..##...# ###..#######


You could see 2 orc priests and an orc.

Vanquished Creatures
  2 gnolls (D:1)
  4 adders (D:2)
  2 oozes
  3 worms (D:2)
  A leopard gecko (D:2)
  2 orcs (D:2)
  4 goblins
  2 hobgoblins
  4 jackals (D:2)
  5 bats
  2 frilled lizards (D:2)
  3 kobolds (D:1)
  2 rats
36 creatures vanquished.

Notes
Turn   | Place    | Note
-------+----------+-------------------------------------------
     0 | D:1      | Firecrotchwizard the Ogre Berserker began the quest for the Orb.
     0 | D:1      | Reached XP level 1. HP: 24/24 MP: 1/1
    59 | D:1      | Reached skill level 3 in Maces & Flails
    59 | D:1      | Reached XP level 2. HP: 14/33 MP: 2/2
   836 | D:1      | Reached XP level 3. HP: 14/40 MP: 3/3
  1875 | D:2      | Reached XP level 4. HP: 40/49 MP: 4/4
  2089 | D:2      | Reached skill level 5 in Fighting
  2143 | D:2      | Reached ** piety under Trog
  2349 | D:2      | Reached skill level 4 in Maces & Flails
  2698 | D:2      | HP: 12/50 [orc priest/divine providence (14)]
  2698 | D:2      | Killed from afar by an orc priest

Vault maps used:
D:1:      minmay_arrival_plants_in_alcoves, minmay_misc_feat_encased,
          minmay_misc_feat_roman, hangedman_abyss_or_decor_stabs
D:2:      cheibrodos_pilgrimage, uniq_crazy_yiuf_cottage

Skill      XL: |  1  2  3  4 |
---------------+-------------+-----
Maces & Flails | 3 4 |  4.2
Fighting       | 5 |  5.2
Dodging        | |  2.6

Action                   |  1- 3 |  4- 6 || total
-------------------------+-------+-------++-------
Melee: Mace              |    85 |    50 ||   135
  Eat: Chunk             |     3 |     3 ||     6
Armor: Animal skin       |    25 |     8 ||    33
Dodge: Dodged            |    54 |    26 ||    80

Table legend:
 A = Spawn XP
 B = Non-spawn XP
 C = Spawn XP percentage of total XP
 D = Spawn monster count
 E = Non-spawn monster count
 F = Spawn count percentage of total count
 G = Total turns spent on level
                    A         B        C        D         E        F      G
               +---------+---------+-------+---------+---------+-------+---------
         Total |       0 |     151 |   0.0 |       0 |      36 |   0.0 |  2698
               +---------+---------+-------+---------+---------+-------+---------
           D:1 |       0 |      52 |   0.0 |       0 |      15 |   0.0 |  1563
           D:2 |       0 |      99 |   0.0 |       0 |      21 |   0.0 |  1135
               +---------+---------+-------+---------+---------+-------+---------

Vault maps used:
D:1:      minmay_arrival_plants_in_alcoves, minmay_misc_feat_encased,
          minmay_misc_feat_roman, hangedman_abyss_or_decor_stabs
D:2:      cheibrodos_pilgrimage, uniq_crazy_yiuf_cottage

Table legend:
 A = Turns spent in this place as a percentage of turns spent in the entire game.
 B = Non-inter-level travel turns spent in this place as a percentage of non-inter-level travel turns spent in the entire game.
 C = Inter-level travel turns spent in this place as a percentage of turns spent in this place.
 D = Turns resting spent in this place as a percentage of non-inter-level travel turns spent in this place.
 E = Turns spent auto-exploring this place as a percentage of non-inter-level travel turns spent in this place.
 F = Non-inter-level travel turns spent in this place divided by the number of levels of this place that you've seen.
                   A       B       C       D       E      F
               +-------+-------+-------+-------+-------+----------------------
         Total | 100.0 | 100.0 |   1.3 |  47.3 |  41.5 | 1331.5
       Dungeon | 100.0 | 100.0 |   1.3 |  47.3 |  41.5 | 1331.5
               +-------+-------+-------+-------+-------+----------------------

Table legend:
 A = Kills in this place as a percentage of kills in entire the game.
 B = Kills by you in this place as a percentage of kills by you in the entire game.
 C = Kills by friends in this place as a percentage of kills by friends in the entire game.
 D = Other kills in this place as a percentage of other kills in the entire game.
 E = Experience gained in this place as a percentage of experience gained in the entire game.
 F = Experience gained in this place divided by the number of levels of this place that you have seen.
                   A       B       C       D       E      F
               +-------+-------+-------+-------+-------+----------------------
         Total | 100.0 | 100.0 |   N/A |   N/A | 100.0 |  75.5
       Dungeon | 100.0 | 100.0 |   N/A |   N/A | 100.0 |  75.5
               +-------+-------+-------+-------+-------+----------------------
